 Dungeon Crawl Stone Soup version 0.23-a0-641-g0a7f1ce553 (webtiles) character file.

6603 HereIgoKillingAgain the Cleaver (level 11, 0/102 HPs)
             Began as a Hill Orc Fighter on Dec 30, 2018.
             Was a Believer of Makhleb.
             Succumbed to a green ugly thing's poison
             ... on level 9 of the Dungeon.
             The game lasted 00:14:23 (9148 turns).

HereIgoKillingAgain the Cleaver (Hill Orc Fighter)  Turns: 9148, Time: 00:14:24

Health: 0/102      AC:  9    Str: 20    XL:     11   Next: 2%
Magic:  14/14      EV:  8    Int: 16    God:    Makhleb [**....]
Gold:   548        SH: 11    Dex: 13    Spells: 10/10 levels left

rFire    . . .     SeeInvis +   a - +0 war axe
rCold    + . .     Gourm    .   c - +0 shield
rNeg     . . .     Faith    .   A - +3 leather armour {rC+}
rPois    .         Spirit   .   (no helmet)
rElec    .         Reflect  +   (no cloak)
rCorr    .         Harm     .   (no gloves)
MR       .....                  o - +1 pair of boots
Stlth    +.........             e - +2 amulet of reflection
HPRegen  0.27/turn              h - +3 ring of dexterity
MPRegen  0.14/turn              s - ring of see invisible

@: brilliant, lethally poisoned (0 -> -62)
A: no striking features
a: Minor Destruction, Renounce Religion


You were on level 9 of the Dungeon.
You worshipped Makhleb.
Makhleb was pleased with you.
You were not hungry.

You visited 2 branches of the dungeon, and saw 10 of its levels.
You also visited: Sewer and Ossuary.

You collected 548 gold pieces.

Inventory:

Hand Weapons
 a - a +0 war axe (weapon)
 y - a +1 hand axe of pain
Armour
 c - a +0 shield (worn)
 o - a +1 pair of boots (worn)
 A - a +3 leather armour of cold resistance (worn)
Jewellery
 e - a +2 amulet of reflection (around neck)
 h - a +3 ring of dexterity (left hand)
 l - an uncursed ring of stealth {unknown}
 q - an uncursed ring of ice {unknown}
 s - a ring of see invisible (right hand)
 u - a +2 ring of protection {unknown}
 v - an uncursed amulet of magic regeneration {unknown}
Wands
 z - a wand of iceblast (12)
 B - a wand of random effects (18)
 D - a wand of flame (35)
Scrolls
 b - a scroll of magic mapping
 g - a scroll of summoning
 i - 2 scrolls of enchant armour
 j - a scroll of immolation
 r - 12 scrolls of remove curse
 t - a scroll of blinking
 w - 2 scrolls of fear
 x - 3 scrolls of teleportation
 E - a scroll of identify
Potions
 d - a potion of berserk rage
 k - a potion of brilliance
 m - a potion of haste
 n - a potion of agility
 p - a potion of invisibility {unknown}
 C - a potion of flight
 F - a potion of lignification {unknown}
 G - a potion of might
 J - a potion of mutation {unknown}
Comestibles
 f - 19 rations
 H - 3 chunks of flesh


   Skills:
 * Level 11.4 Fighting
 * Level 13.5 Axes
 + Level 8.9 Armour
 - Level 3.3 Shields
 + Level 4.9 Invocations


You had 10 spell levels left.
You didn't know any spells.
Your spell library contained the following spells:

 Spells                   Type           Power        Failure   Level  Hunger
 Apportation              Tloc           #.....       14%         1    ##.....
 Summon Butterflies       Summ           #.......     14%         1    ##.....
 Corpse Rot               Necr           N/A          21%         2    ###....
 Sublimation of Blood     Necr           #.........   21%         2    ###....
 Lesser Beckoning         Tloc           #.........   34%         3    ####...
 Tukima's Dance           Hex            #.......     34%         3    ####...
 Agony                    Necr           #.......     94%         5    ######.
 Alistair's Intoxication  Tmut/Pois      #.......     94%         5    ######.
 Bolt of Draining         Conj/Necr      #.........   94%         5    ######.
 Dispel Undead            Necr           #.......     94%         5    ######.
 Excruciating Wounds      Chrm/Necr      #.........   94%         5    ######.
 Invisibility             Hex            #.......     100%        6    #######


Dungeon Overview and Level Annotations

Branches:
Dungeon (9/15)             Temple (1/1) D:7
   Lair: D:8-11         Orc: D:9-12

Altars:
Ashenzari
Cheibriados
Dithmenos
Fedhas
Gozag
Hepliaklqana
Kikubaaqudgha
Makhleb
Okawaru
Qazlal
Ru
Sif Muna
Trog
Uskayaw
Vehumet

Shops:
D:5 *

Annotations:
D:9 3 runed doors, guttsta's ghost, novice TrBe


Message History

* * * LOW HITPOINT WARNING * * *
You feel very sick. The green ugly thing stings you!
* * * LOW HITPOINT WARNING * * *
You feel better. The green ugly thing stings you.
* * * LOW HITPOINT WARNING * * *
You are lethally poisoned!
The green ugly thing poisons you!
Evoke which item? (* to show all) (? for menu, Esc to quit)
Okay, then.
You feel clever all of a sudden.
* * * LOW HITPOINT WARNING * * *
You feel very sick. The green ugly thing stings you!
* * * LOW HITPOINT WARNING * * *
You are more poisoned.
The green ugly thing poisons you!
You hit the green ugly thing.
The green ugly thing is almost dead.
You die...

.##WDD..##...#.#.....##
..##+++###.#..........#
.........#.#...# .....#
...............##.....#
......................#
......................#
.#...#.......##.......#
.#...#...........u....#
.#...###.....##.@.....#
.#...# #.....##.......#
.#...# #.....##......##
.#...# #.....##......#
.#...# ########......#
.#...# ......... .#
########.# .>


You could see a green ugly thing.

Vanquished Creatures
  A hippogriff (D:7)
  A wyvern (D:8)
  9 yaks (D:9)
  A hungry ghost (D:7)
  A water moccasin (D:9)
  Duvessa (D:7)
  A hornet zombie (D:7)
  3 sky beasts
  An ice beast (D:8)
  A black bear (D:8)
  3 orc warriors (D:8)
  A phantom (D:8)
  7 ogres
  A crocodile (Sewer)
  2 elf zombies (Ossuary)
  6 bullfrogs
  A wyvern zombie (D:8)
  Dowan (D:7)
  2 scorpions
  4 killer bees (D:7)
  A howler monkey (D:4)
  5 wights
  An electric eel (D:8)
  7 crimson imps
  A bullfrog zombie (D:5)
  3 centaur zombies (Ossuary)
  A centaur skeleton (D:8)
  2 jellies
  5 orc priests
  2 bullfrog skeletons
  5 hounds
  7 human zombies (Ossuary)
  5 orc wizards
  A gnoll shaman (D:7)
  3 iguanas
  Ijyb (D:5)
  8 worker ants
  A killer bee zombie (D:6)
  3 mummies (Ossuary)
  8 adders
  13 gnolls
  A howler monkey skeleton (D:4)
  3 shadow imps
  An ooze (D:2)
  2 adder skeletons (D:5)
  2 worms
  3 leopard geckos
  28 orcs
  A ball python (D:3)
  6 giant cockroaches
  4 goblins
  9 hobgoblins
  13 jackals
  4 quokkas
  20 bats
  5 frilled lizards
  5 kobolds
  A quokka skeleton (D:6)
  7 rats
246 creatures vanquished.

Notes
Turn   | Place    | Note
-------+----------+-------------------------------------------
     0 | D:1      | HereIgoKillingAgain the Hill Orc Fighter began the quest
                  | for the Orb.
     0 | D:1      | Reached XP level 1. HP: 19/19 MP: 1/1
    82 | D:1      | Reached skill level 3 in Axes
   127 | D:1      | Reached XP level 2. HP: 22/27 MP: 2/2
   386 | D:1      | Reached XP level 3. HP: 33/33 MP: 3/3
   742 | D:2      | Reached skill level 4 in Axes
  1216 | D:2      | Reached XP level 4. HP: 30/40 MP: 4/4
  1493 | D:2      | Found a faded altar of an unknown god.
  1565 | D:2      | Found an iron altar of Okawaru.
  1653 | D:3      | Found a glowing drain.
  1668 | Sewer    | Entered a sewer
  1695 | Sewer    | Noticed a crocodile
  1701 | Sewer    | Killed a crocodile
  1701 | Sewer    | Reached skill level 5 in Axes
  1701 | Sewer    | Reached XP level 5. HP: 28/47 MP: 5/5
  2444 | D:3      | Reached skill level 6 in Axes
  2459 | D:3      | Reached XP level 6. HP: 55/55 MP: 6/6
  2504 | D:3      | Reached skill level 5 in Fighting
  2703 | D:4      | Reached skill level 7 in Axes
  2797 | D:4      | Reached skill level 5 in Armour
  2797 | D:4      | Reached XP level 7. HP: 45/61 MP: 7/7
  2812 | D:4      | Got a dazzling leather armour
  2823 | D:4      | Identified the +2 leather armour of Limited Liability
                  | {*Slow rF- rCorr Int+10} (You found it on level 4 of the
                  | Dungeon)
  3218 | D:4      | Found a shadowy altar of Dithmenos.
  3260 | D:4      | Reached skill level 8 in Axes
  3579 | D:5      | Entered Level 5 of the Dungeon
  3591 | D:5      | Reached XP level 8. HP: 65/70 MP: 8/8
  3689 | D:5      | Found Lotreime's General Store.
  3746 | D:5      | Reached skill level 9 in Axes
  3876 | D:5      | Noticed Ijyb
  3887 | D:5      | Killed Ijyb
  4395 | D:5      | Found a deep blue altar of Sif Muna.
  4807 | D:6      | Reached skill level 10 in Axes
  4946 | D:6      | Found a radiant altar of Vehumet.
  5162 | D:6      | Reached XP level 9. HP: 62/80 MP: 9/9
  5612 | D:7      | Noticed Duvessa
  5612 | D:7      | Noticed Dowan
  5627 | D:7      | Killed Duvessa
  5637 | D:7      | Killed Dowan
  6055 | D:7      | Reached skill level 11 in Axes
  6060 | D:7      | Found a sacrificial altar of Ru.
  6105 | D:7      | HP: 4/83 [hornet zombie (10)]
  6538 | D:7      | Found a staircase to the Ecumenical Temple.
  6592 | Temple   | Entered the Ecumenical Temple
  6612 | Temple   | Became a worshipper of Makhleb the Destroyer
  6826 | D:7      | Reached skill level 1 in Invocations
  7049 | D:7      | Found a blossoming altar of Fedhas.
  7050 | D:7      | Found a snail-covered altar of Cheibriados.
  7114 | D:8      | Reached skill level 12 in Axes
  7123 | D:8      | Found a sand-covered staircase.
  7152 | Ossuary  | Entered an ossuary
  7194 | Ossuary  | Reached XP level 10. HP: 50/93 MP: 11/11
  7418 | Ossuary  | Reached skill level 10 in Fighting
  8020 | D:8      | Reached * piety under Makhleb
  9015 | D:9      | Reached skill level 13 in Axes
  9032 | D:9      | Reached ** piety under Makhleb
  9050 | D:9      | Reached XP level 11. HP: 88/102 MP: 14/14
  9094 | D:9      | Found a runed gate.
  9095 | D:9      | Found a runed gate.
  9095 | D:9      | Noticed guttsta's ghost (novice TrBe)
  9096 | D:9      | Found a runed gate.
  9096 | D:9      | Noticed a nine-headed hydra
  9096 | D:9      | Noticed a nine-headed hydra
  9113 | D:9      | Noticed a green ugly thing
  9147 | D:9      | HP: 4/102 [green ugly thing (8)]
  9148 | D:9      | Succumbed to a green ugly thing's poison

Vault maps used:
D:1:      elethiomel_arrival_quiet, st_stairs_3
D:2:      marbit_many_paths, chequers_ecumenical_altar_grove
D:3:      first_ration, cheibrodos_sewer_entry_sluice
D:4:      grunt_dithmenos_shadows
D:5:      cheibrodos_barr_body, kennysheep_mini_moat, serial_shops,
          nicolae_shop_waterfront, uniq_ijyb
D:6:      vehumet_altar_wand_db
D:7:      nicolae_overflow_hidden_temple, gammafunk_temple_overflow_wave,
          minmay_temple_entry_ruins, wad_floor_pattern_2, uniq_duvessa
D:8:      nicolae_ossuary_entry_monument, grunt_ogre_cave, kennysheep_donut,
          minmay_misc_feat_enclosed
D:9:      lemuel_doored_altar, gammafunk_ghost_hydra_chop
Temple:   nicolae_temple_great_sept
Sewer:    sewer_big_baddie
Ossuary:  ossuary_minmay_four_chambers

Skill      XL: |  1  2  3  4  5  6  7  8  9 10 |
---------------+-------------------------------+-----
Axes           | 3 4 5 6 7 8 10 12 13 | 13.5
Fighting       | 4 5 6 7 9 11 | 11.4
Armour         | 4 5 6 7 8 |  8.9
Invocations    | 1 4 |  4.9
Shields        | |  3.3

Action                   |  1- 3 |  4- 6 |  7- 9 | 10-12 || total
-------------------------+-------+-------+-------+-------++-------
Melee: War axe           |   111 |   138 |   469 |   300 ||  1018
Evoke: Wand              |       |       |     3 |     4 ||     7
  Use: Scroll            |       |     4 |       |    13 ||    17
       Potion            |       |     1 |     8 |     5 ||    14
  Eat: Chunk             |       |     6 |     6 |     3 ||    15
       Ration            |       |       |     4 |     1 ||     5
Armor: Scale mail        |    76 |    63 |    42 |       ||   181
       Leather armour    |       |       |    97 |    43 ||   140
Dodge: Dodged            |    48 |    42 |   136 |    63 ||   289
Block: Shield            |    89 |   111 |   220 |   115 ||   535
       Reflection        |       |     2 |     4 |       ||     6

Table legend:
 A = Non-vault XP
 B = Vault XP
 C = Vault XP percentage of total XP
 D = Non-vault monster count
 E = Vault monster count
 F = Vault count percentage of total count
                 A         B        C        D         E       F
            +---------+---------+-------+---------+---------+-------
      Total |    7896 |    1538 |  16.3 |     203 |      43 |  17.5
            +---------+---------+-------+---------+---------+-------
        D:1 |      38 |       1 |   2.6 |      18 |       1 |   5.3
        D:2 |      50 |       2 |   3.8 |      19 |       1 |   5.0
        D:3 |     132 |       9 |   6.4 |      24 |       3 |  11.1
        D:4 |     801 |      11 |   1.4 |      35 |       1 |   2.8
        D:5 |     394 |     379 |  49.0 |      10 |      12 |  54.5
        D:6 |     538 |       2 |   0.4 |      17 |       1 |   5.6
        D:7 |    1711 |     230 |  11.8 |      30 |       2 |   6.2
        D:8 |    1852 |     121 |   6.1 |      33 |       1 |   2.9
        D:9 |    2380 |       0 |   0.0 |      17 |       0 |   0.0
      Sewer |       0 |     111 | 100.0 |       0 |       6 | 100.0
    Ossuary |       0 |     672 | 100.0 |       0 |      15 | 100.0
            +---------+---------+-------+---------+---------+-------
